cohdb
Replays
Latest Replays
All Replays
Popular Replays
Top Player Replays
Match Explorer
How It Works
Community
CoH3 Stats
Reddit
Sign in to upload your games and track your stats! →
Sign in with Steam
Match 31379032
Unlisted
Match 31379032
Overview
Messages
Build Orders
End
Construct Infanterie Kompanie
MG 42 Machine Gun Team
Grenadier Squad
GrW 34 Mortar Team
MG 42 Machine Gun Team
Construct Panzergrenadier Kompanie
251 Medium Carrier
Pioneer Squad
Medical Station
Pak 40 Anti-tank Gun Team
Construct Panzer Kompanie
Selects Luftwaffe Battlegroup
Selects Luftwaffe Pioneer Support
Selects Stuka Strafing Run
Selects Fallschirmjäger Squad Paradrop
Fallschirmpioneer Squad Paradrop
MG 42 Bunker
Fallschirmjäger Squad Paradrop
Stuka Strafing Run
Stuka Strafing Run
Panzer IV Medium Tank
Selects Stuka Loiter
Fallschirmjäger Squad Paradrop
Stuka Strafing Run
1º Fallschirm Pz Div ✠
BigBootyBungus
龙骑士猎人Z
Kozzmo
kfiniak
Superhuman
gUi
ahmdzywany71
0
0
Comments
sign in to comment!
No comments posted yet!